 Dungeon Crawl Stone Soup version 0.19-GnollCrawlA-1-g03664ee (webtiles) character file.

5 asalami the Apprentice (level 1, -7/15 HPs)
             Began as a Formicid Artificer on Feb 14, 2017.
             Was an Initiate of Pakellas.
             Mangled by a gnoll
             ... wielding a +0 flail
              (9 damage)
             ... on level 15 of the Dungeon.
             The game lasted 00:07:16 (865 turns).

asalami the Apprentice (Formicid Artificer)          Turns: 865, Time: 00:07:16

Health: -7/15      AC:  0    Str: 16    XL:     1   Next: 0%
Magic:  3/3        EV: 12    Int: 10    God:    Pakellas [......]
Gold:   24         SH:  0    Dex: 11    Spells: 0 memorised, 0 levels left

rFire  . . .     SeeInvis +     a - +0 short sword
rCold  . . .     Gourm    .     (no armour)
rNeg   . . .     Faith    .     (no shield)
rPois  .         Spirit   .     (helmet unavailable)
rElec  .         Dismiss  .     (no cloak)
rCorr  .         Reflect  .     (no gloves)
SustAt .         Harm     .     (no boots)
MR     .....                    (no amulet)
Stlth  ++........               (no ring)
                                (no ring)

@:
A: permanent stasis, dig shafts and tunnels, four strong arms, antennae 3
a: Dig, Shaft Self, Renounce Religion


You were on level 15 of the Dungeon.
You worshipped Pakellas.
Pakellas was noncommittal.
You were not hungry.

You visited 1 branch of the dungeon, and saw 9 of its levels.

You collected 24 gold pieces.

Inventory:

Hand Weapons
 a - a +0 short sword (weapon)
Armour
 l - a +1 scale mail
Wands
 c - a wand of flame (15/48)
 d - a wand of enslavement (13/24)
 e - a wand of random effects (15/48)
Potions
 b - a potion of flight {unknown}
Comestibles
 f - 2 bread rations
 k - a meat ration


   Skills:
 + Level 1.1 Fighting
 + Level 1.0 Short Blades
 + Level 1.7 Dodging
 + Level 1.2 Stealth
 + Level 3.2 Evocations


You couldn't memorise any spells.
You didn't know any spells.

Dungeon Overview and Level Annotations

Branches:
Dungeon (12/15)               Orc (0/2) D:12
 Temple: D:1-2         Lair: D:8-11

Altars:
Dithmenos
Pakellas
Uskayaw
Zin


Innate Abilities, Weirdness & Mutations

You are under a permanent stasis effect.
You can dig through walls and to a lower floor.
Your four strong arms can wield two-handed weapons with a shield.
You have a pair of large antennae on your head. (SInv)


Message History

A gnoll comes into view. It is wielding a whip.
The gnoll shouts!
Evoke which item? (* to show all) (? for menu, Esc to quit)
Zapping:
d - a wand of enslavement (14/24)
Press: ? - help, Shift-Dir - straight line, f - gnoll
Aim: a gnoll, wielding a spear (chance to defeat MR: 62%)
The gnoll resists with significant effort.
This wand has 13 charges left.
The gnoll shouts!
The gnoll hits you from afar with a spear.
The gnoll barely misses you.
Found a coppery potion.
The gnoll hits you with a flail.
The gnoll hits you from afar with a spear.
* * * LOW HITPOINT WARNING * * *
You open the door. The gnoll barely misses you.
The gnoll hits you with a flail!
Ouch! That really hurt!
You die...
Pakellas says: Good help is so hard to find these days!

#.......!.#
#.........#
#.........#
#.........# {
#........#
#..<#######........+
../.....g{.ggg....#
##..###.#{####.gg###
........g.# #.#@#
:.(.###...# #+#'#
..|...g...##.. ...
.........$.........
..........#.........
......##$...........#
##..................+
##..#..#............#
..$....#........


You could see 5 gnolls.

Vanquished Creatures (collateral kills)
  A gnoll (D:12)
1 creature vanquished.

Notes
Turn   | Place    | Note
-------+----------+-------------------------------------------
     0 | D:1      | asalami the Formicid Artificer began the quest for the Orb.
     0 | D:1      | Reached XP level 1. HP: 15/15 MP: 3/3
    45 | D:1      | You fall through a shaft!
    52 | D:2      | You fall through a shaft!
   111 | D:3      | You fall through a shaft!
   411 | D:4      | You fall through a shaft!
   411 | D:5      | Entered Level 5 of the Dungeon
   411 | D:5      | Found an oddly glowing altar of Pakellas.
   418 | D:5      | Became a worshipper of Pakellas the Inventive
   476 | D:5      | You fall through a shaft for 2 floors!
   690 | D:7      | Found a glowing silver altar of Zin.
   695 | D:7      | Found a hide-covered altar of Uskayaw.
   709 | D:7      | Found a shadowy altar of Dithmenos.
   729 | D:7      | You fall through a shaft for 3 floors!
   729 | D:10     | Entered Level 10 of the Dungeon
   751 | D:10     | You fall through a shaft for 2 floors!
   832 | D:12     | You fall through a shaft for 3 floors!
   832 | D:15     | Entered Level 15 of the Dungeon
   865 | D:15     | Mangled by a gnoll

Action                   || total
-------------------------++-------
 Abil: Shaft Self        ||     8
Evoke: Wand              ||     2
  Use: Scroll            ||     3
Armor: Ring mail         ||     2
Dodge: Dodged            ||     6
